Map: [ESL] Oceanborn

Players

PtitDrogo - Winner!

  • Race: Protoss Protoss
  • Spawn Location: 5:00

Krystianer

  • Race: Protoss Protoss
  • Spawn Location: 11:00

Event: ESL SC2 Masters 2023 Winter (Regional)

VOD

Have the link to the VOD?

Description

Time

  • Played on: Nov. 2, 2023, 10:05 a.m.
  • Length: 9:32

All games in this series

Show
View Real Time Build Order
Export as new Build Order

PtitDrogo Protoss - Winner!

Build Orders: Phoenix Opening, Blink Stalkers 

Get SALT Encoding   

  12  0:00  Probe  
  13  0:12  Probe  
  14  0:18  Pylon  
  14  0:24  Probe  
  15  0:36  Gateway  
  15  0:37  Probe (Chrono Boost)  
  16  0:46  Assimilator, Probe (Chrono Boost)  
  17  0:51  Probe (Chrono Boost)  
  17  0:55  Assimilator  
  18  1:03  Probe (Chrono Boost)  
  19  1:07  Gateway  
  19  1:13  Probe (Chrono Boost)  
  19  1:18  Probe (Chrono Boost)  
  20  1:23  Cybernetics Core  
  21  1:29  Probe  
  22  1:35  Pylon  
  22  1:41  Probe  
  23  1:53  Probe  
  24  2:00  Stalker  
  26  2:01  Stalker  
  26  2:03  Warp Gate  
  26  2:06  Probe  
  29  2:11  Pylon  
  29  2:18  Probe  
  30  2:30  Sentry  
  30  2:31  Sentry  
  34  2:41  Pylon  
  34  2:51  Nexus  
  34  2:53  Probe  
  35  3:01  Shield Battery  
  35  3:05  Phoenix, Probe  
  36  3:07  Twilight Council  
  36  3:08  Sentry  
  37  3:15  Pylon  
  37  3:17  Probe  
  38  3:29  Probe  
  38  3:33  Blink (Chrono Boost)  
  39  3:41  Probe  
  40  3:52  Stalker x2  
  40  3:53  Probe  
  45  4:03  Probe  
  45  4:05  Probe  
  47  4:15  Probe  
  47  4:16  Stalker x2  
  52  4:18  Probe  
  53  4:27  Probe  
  53  4:30  Probe  
  55  4:35  Pylon  
  55  4:39  Stalker x2  
  55  4:43  Probe x2  
  61  4:51  Nexus  
  61  4:55  Probe x2  
  63  5:06  Pylon  
  63  5:10  Stalker x2  
  67  5:18  Probe  
  67  5:20  Probe  
  65  5:30  Probe  
  65  5:32  Robotics Facility  
  65  5:33  Probe  
  65  5:34  Gateway  
  65  5:36  Gateway  
  61  5:42  Probe  
  61  5:45  Probe  
  61  5:49  Forge  
  63  5:52  Stalker x2  
  63  5:55  Probe (Chrono Boost)  
  68  5:57  Probe (Chrono Boost)  
  68  5:59  Gateway  
  68  6:00  Gateway  
  70  6:05  Probe (Chrono Boost)  
  70  6:06  Probe (Chrono Boost)  
  70  6:08  Probe (Chrono Boost)  
  70  6:10  Gateway  
  72  6:12  Probe (Chrono Boost)  
  72  6:13  Probe (Chrono Boost)  
  72  6:14  Gateway  
  72  6:16  Probe (Chrono Boost)  
  72  6:17  Adept x2  
  79  6:19  Probe  
  79  6:20  Observer (Chrono Boost)  
  79  6:22  Protoss Ground Weapons Level 1 (Chrono Boost)  
  81  6:30  Charge  
  77  6:42  Zealot x3  
  83  6:47  Nexus  
  83  6:49  Pylon  
  83  6:54  Pylon  
  83  6:56  Zealot x3  
  83  6:59  Gateway  
  83  7:01  Gateway  
  89  7:03  Sentry x2, Warp Prism (Chrono Boost)  
  95  7:10  Pylon  
  95  7:12  Zealot x2  
  95  7:13  Zealot  
  101  7:15  Probe  
  101  7:16  Probe  
  101  7:17  Probe  
  104  7:24  Zealot x2  
  104  7:28  Pylon  
  104  7:29  Pylon  
  108  7:30  Zealot x2  
  108  7:32  Zealot  
  114  7:37  Zealot  
  114  7:42  Pylon  
  114  7:43  Pylon  
  116  7:46  Zealot x3  
  122  7:57  Zealot x3  
  122  7:58  Zealot x2  
  132  8:00  Zealot  
  130  8:20  Zealot x10  
  130  8:40  Stalker x4  
  128  8:41  Zealot x2  
  128  8:43  Probe  
  125  8:51  Stalker x4  
  111  9:05  Zealot x6  
  111  9:07  Probe  
Show
View Real Time Build Order
Export as new Build Order

Krystianer Protoss 

Build Orders: Blink Stalkers 

Get SALT Encoding   

  12  0:00  Probe  
  13  0:12  Probe  
  14  0:17  Pylon  
  14  0:24  Probe (Chrono Boost)  
  16  0:36  Probe (Chrono Boost)  
  16  0:37  Gateway  
  16  0:41  Probe (Chrono Boost)  
  16  0:45  Assimilator  
  17  0:51  Probe  
  17  0:54  Assimilator  
  18  1:03  Probe (Chrono Boost)  
  19  1:07  Gateway  
  19  1:12  Probe (Chrono Boost)  
  19  1:17  Probe (Chrono Boost)  
  20  1:23  Cybernetics Core  
  21  1:29  Probe  
  22  1:34  Pylon  
  22  1:42  Probe  
  23  1:54  Probe  
  24  1:59  Stalker x2  
  24  2:00  Warp Gate  
  28  2:06  Probe  
  29  2:12  Pylon  
  29  2:18  Probe  
  30  2:30  Probe  
  30  2:36  Sentry  
  35  2:43  Probe  
  34  2:49  Stalker  
  36  3:02  Nexus  
  36  3:04  Probe (Chrono Boost)  
  36  3:08  Twilight Council  
  36  3:15  Pylon  
  36  3:16  Probe (Chrono Boost)  
  37  3:25  Probe (Chrono Boost)  
  38  3:33  Probe  
  39  3:41  Blink (Chrono Boost)  
  39  3:45  Probe (Chrono Boost)  
  39  3:47  Stalker  
  39  3:48  Stalker  
  45  3:57  Probe (Chrono Boost)  
  45  4:02  Probe (Chrono Boost)  
  46  4:14  Stalker x2, Probe (Chrono Boost)  
  46  4:15  Probe (Chrono Boost)  
  54  4:24  Probe (Chrono Boost)  
  54  4:27  Robotics Facility, Probe (Chrono Boost)  
  54  4:29  Probe (Chrono Boost)  
  55  4:37  Stalker x2  
  59  4:42  Pylon, Phoenix  
  59  4:53  Nexus  
  59  4:55  Probe  
  59  4:56  Probe  
  61  5:02  Adept  
  61  5:03  Adept  
  63  5:16  Probe  
  56  5:25  Stalker x2  
  56  5:27  Probe  
  56  5:28  Immortal (Chrono Boost)  
  56  5:29  Probe  
  56  5:31  Shield Battery  
  59  5:39  Probe  
  59  5:41  Probe  
  59  5:48  Stalker x2  
  62  5:50  Shield Battery  
  62  5:51  Probe  
  62  5:53  Probe  
  64  6:00  Forge  
  64  6:01  Observer  
  66  6:05  Probe (Chrono Boost)  
  66  6:07  Probe (Chrono Boost)  
  66  6:10  Probe (Chrono Boost)  
  68  6:13  Gateway x2  
  68  6:16  Probe (Chrono Boost)  
  68  6:17  Stalker  
  73  6:18  Stalker, Probe (Chrono Boost)  
  73  6:19  Probe (Chrono Boost)  
  73  6:20  Probe (Chrono Boost)  
  73  6:22  Observer  
  77  6:27  Probe  
  77  6:29  Probe  
  77  6:31  Probe  
  78  6:35  Pylon  
  78  6:39  Probe  
  79  6:41  Stalker x2  
  79  6:44  Probe  
  79  6:46  Probe  
  85  6:51  Gateway  
  86  6:57  Gateway  
  86  6:59  Gateway  
  85  7:02  Gateway  
  85  7:03  Gateway, Protoss Ground Weapons Level 1 (Chrono Boost)  
  85  7:06  Stalker x2  
  89  7:08  Pylon  
  89  7:13  Nexus  
  89  7:17  Probe x3  
  89  7:21  Zealot, Charge (Chrono Boost)  
  93  7:25  Pylon  
  93  7:30  Pylon x2  
  93  7:31  Zealot x2  
  97  7:39  Shield Battery  
  97  7:42  Probe x2  
  97  7:44  Gateway  
  99  7:46  Gateway  
  99  7:50  Pylon  
  99  7:52  Zealot x3  
  104  7:59  Zealot x3  
  104  8:00  Zealot  
  104  8:03  Zealot  
  113  8:06  Zealot  
  113  8:07  Probe x2  
  113  8:08  Probe  
  114  8:17  Zealot x3  
  114  8:19  Probe  
  117  8:22  Zealot x2  
  117  8:24  Zealot  
  100  8:27  Zealot  
  100  8:29  Zealot  
  100  8:33  Zealot  
  87  8:37  Zealot x2  
  75  8:44  Zealot x3  
  72  8:49  Zealot  
  72  8:53  Zealot  
  68  8:58  Zealot x2  
  63  9:05  Zealot  
Tags
 
Add a new tag
Caveats
  • Supply blocks, unpowered buildings, or Contaminate may cause inaccurate times.
  • Supply counts are checked every 10 seconds.